 Dungeon Crawl Stone Soup version 0.25-a0-578-gc91f01c39c (webtiles) character file.

Game seed: 8510452176560369017, levelgen mode: deterministic

30 Forecaster the Magician (level 3, 0/28 HPs)
             Began as a Naga Wizard on Mar 6, 2020.
             Slain by an adder (3 damage)
             ... on level 2 of the Dungeon.
             The game lasted 00:04:03 (1123 turns).

Forecaster the Magician (Naga Wizard)               Turns: 1123, Time: 00:04:04

Health: 0/28       AC:  2    Str: 10    XL:     3   Next: 18%
Magic:  3/8        EV:  9    Int: 18    God:
Gold:   51         SH:  0    Dex:  9    Spells: 4/9 levels left

rFire    . . .     SeeInvis +   e - +0 dagger
rCold    . . .     Gourm    .   (no shield)
rNeg     . . .     Faith    .   k - +0 leather armour
rPois    +         Spirit   .   b - +0 hat
rElec    .         Reflect  .   (no cloak)
rCorr    .         Harm     .   (no gloves)
MR       .....                  (no barding)
Stlth    ++........             (no amulet)
HPRegen  0.09/turn              (no ring)
MPRegen  0.11/turn              (no ring)

@: very slightly contaminated, very slow
A: large, see invisible, deformed body, poison resistance, slowness 2, slow
metabolism 1, spit poison 1, AC +1
a: Spit Poison


You were on level 2 of the Dungeon.
You were not hungry.

You visited 1 branch of the dungeon, and saw 2 of its levels.

You collected 51 gold pieces.

Inventory:

Hand Weapons
 c - a +0 club
 e - a +0 dagger (weapon)
Missiles
 g - 38 stones (quivered)
Armour
 a - a +0 robe
 b - a +0 hat (worn)
 k - a +0 leather armour (worn)
Scrolls
 f - a scroll of teleportation {unknown}
 i - 2 scrolls of fear {unknown}
 l - a scroll of remove curse {unknown}
 m - a scroll of enchant weapon {unknown}
Potions
 h - a potion of magic {unknown}
 j - a potion of brilliance {unknown}
Comestibles
 d - 7 rations


   Skills:
 + Level 0.1 Short Blades
 + Level 0.1 Armour
 + Level 1.9 Dodging
 + Level 3.0 Stealth
 + Level 3.7 Spellcasting
 + Level 1.3 Conjurations
 + Level 1.0 Summonings
 + Level 1.0 Translocations


You had 4 spell levels left.
You knew the following spells:

 Your Spells              Type           Power        Failure   Level  Hunger
a - Magic Dart            Conj           #...         12%         1    None
b - Call Imp              Summ           #.......     21%         2    ##.....
c - Blink                 Tloc           N/A          21%         2    ##.....

Your spell library contained the following spells:

 Spells                   Type           Power        Failure   Level  Hunger
 Slow                     Hex            #.......     30%         2    ##.....
 Conjure Flame            Conj/Fire      #.......     43%         3    ###....
 Mephitic Cloud           Conj/Pois/Air  #.......     45%         3    ###....


Dungeon Overview and Level Annotations

Branches:
Dungeon (2/15)

Altars:
Nemelex Xobeh


Innate Abilities, Weirdness & Mutations

You cannot wear boots.
Your serpentine skin is tough. (AC +1)
You have supernaturally acute eyesight. (SInv)
Armour fits poorly on your strangely shaped body.
Your system is resistant to poisons. (rPois)
You cover ground very slowly.
You have a slow metabolism.
You can spit poison.


Message History

Your crimson imp disappears in a puff of smoke!
Casting: Call Imp (safe; 21% risk of failure)
Confirm with . or Enter, or press ? or * to list all spells.
You miscast Call Imp.
You are very lightly contaminated with residual magic.
Your brain hurts!
The adder closely misses you. The adder bites you but does no damage.
Casting: Call Imp (safe; 21% risk of failure)
Confirm with . or Enter, or press ? or * to list all spells.
Aiming: Magic Dart (safe; 12% risk of failure)
Press: ? - help, Shift-Dir - straight line, f - adder
Aim: an adder (black smoke, severely wounded)
The magic dart hits the adder.
The adder is almost dead.
The adder bites you.
* * * LOW HITPOINT WARNING * * *
You closely miss the adder.
The adder is almost dead.
The adder bites you.
You die...

#......#.####.##
#.####.#........
#...##.#.#######
#.#......#
#.####.###
#.####.##
####).......
#..S....##..
#.@#†##.# ...
#..#[##.# ....
#..#.# # .....
#..#.# #.....
#?.... ####.##
..# .##


You could see an adder.

Vanquished Creatures
  4 dart slugs
  A leopard gecko (D:1)
  3 goblins (D:1)
  3 hobgoblins
  3 bats
  3 frilled lizards
  2 kobolds
  3 rats (D:1)
22 creatures vanquished.

Vanquished Creatures (collateral kills)
  A frilled lizard (D:2)
1 creature vanquished.

Vanquished Creatures (others)
  19 toadstools (D:2)
19 creatures vanquished.

Grand Total: 42 creatures vanquished

Notes
Turn   | Place    | Note
-------+----------+-------------------------------------------
     0 | D:1      | Forecaster the Naga Wizard began the quest for the Orb.
     0 | D:1      | Reached XP level 1. HP: 15/15 MP: 4/4
   211 | D:1      | Reached XP level 2. HP: 20/22 MP: 0/6
   215 | D:1      | Learned a level 2 spell: Call Imp
   218 | D:1      | Learned a level 2 spell: Blink
   906 | D:2      | Reached XP level 3. HP: 28/28 MP: 5/8
   931 | D:2      | Found a sparkling altar of Nemelex Xobeh.
  1123 | D:2      | Slain by an adder

Levels and vault maps discovered:
D:1:      roderic_crop_circles_arrival_small, layout_loops_corners
D:2:      layout_loops_cross, lemuel_crystal_altar, first_ration, tgw_fedhas

Action                   || total
-------------------------++-------
Melee: Dagger            ||    35
 Cast: Magic Dart        ||    38
       Call Imp          ||     3
 Stab: Sleeping          ||     1
Armor: Robe              ||     3
       Leather armour    ||     8
Dodge: Dodged            ||    17

Table legend:
 A = Non-vault XP
 B = Vault XP
 C = Vault XP percentage of total XP
 D = Non-vault monster count
 E = Vault monster count
 F = Vault count percentage of total count
                 A         B        C        D         E       F
            +---------+---------+-------+---------+---------+-------
      Total |      43 |       0 |   0.0 |      23 |       0 |   0.0
            +---------+---------+-------+---------+---------+-------
        D:1 |      32 |       0 |   0.0 |      16 |       0 |   0.0
        D:2 |      11 |       0 |   0.0 |       7 |       0 |   0.0
            +---------+---------+-------+---------+---------+-------
